AoeStats
← Jordan Belfort

MegaRandom

510835739Analyzed
2v2 RM · 8h ago on Oct 2, 2026· 41m 22s· 4 players
Game mode
Random Map
Map size
Medium (4 player)
Population
200
Speed
Normal
Resources
Standard
Victory
Conquest
Starting age
Dark Age
Ending age
Imperial Age
RankedLock teamsTeams togetherTeam positionsShared explorationLock speedFull tech treeHidden civsTurbo modeCheats
Victory
Defeat
🇮🇳 Persians · India
1360
+17
🇮🇳 Mongols · India
1299
+19
🇩🇪 Varangians · Germany
1387
-18
🇩🇪 Poles · Germany
1367
-18
Oru_Tamizhan
10:35 Feudal Age
11:17 Loom
11:24 Double-Bit Axe
13:27 Fishing Lines
14:50 Town Watch
17:52 Castle Age
17:36 Scale Barding Armor
17:30 Horse Collar
18:48 Scale Barding Armor
22:00 Bloodlines
21:53 Husbandry
24:23 Chain Barding Armor
28:53 Gold Mining
30:03 Light Cavalry
30:55 Forging
35:25 Iron Casting
36:53 Wheelbarrow
40:43 Gillnets
Eby
6:04 Loom
8:31 Feudal Age
8:54 Double-Bit Axe
10:42 Horse Collar
18:48 Castle Age
16:46 Gold Mining
21:08 Wheelbarrow
20:42 Husbandry
20:53 Bloodlines
21:22 Scale Barding Armor
25:03 Chain Barding Armor
28:22 Forging
33:16 Hand Cart
32:46 Town Watch
37:48 Imperial Age
36:10 Gold Shaft Mining
37:34 Iron Casting
37:02 Heavy Plow
37:15 Bow Saw
37:47 Town Patrol
37:39 Cavalier
38:58 Plate Barding Armor
39:27 Conscription
40:22 Blast Furnace
40:21 Savar
Calaquende
11:09 Feudal Age
11:05 Loom
12:19 Double-Bit Axe
15:29 Castle Age
14:43 Fishing Lines
16:57 Bow Saw
24:40 Scale Mail Armor
26:35 Wheelbarrow
26:31 Town Watch
26:59 Horse Collar
28:39 Squires
29:44 Chain Mail Armor
29:40 Forging
29:55 Gillnets
38:56 Imperial Age
37:38 Iron Casting
37:09 Gambesons
40:17 Plate Mail Armor
39:16 Elite Varangian Guard
40:52 Conscription
Jordan Belfort
4:11 Loom
6:53 Loom
12:22 Feudal Age
13:12 Double-Bit Axe
15:01 Town Watch
18:49 Castle Age
18:12 Fishing Lines
19:32 Gillnets
21:17 Horse Collar
22:42 Stone Mining
22:39 Pikeman
23:19 Squires
24:33 Scale Barding Armor
26:34 Bloodlines
27:52 Husbandry
33:49 Sanctity
35:26 Fletching
40:36 Bow Saw
Connection lost

Rejoining the realm…

Still unreachable

The connection could not be restored.

Session expired

The server has moved on; the page needs a fresh start.